 Dungeon Crawl Stone Soup version 0.30.1-11-g7821555f0a (webtiles) character file.

Game seed: 8667137009375123203

295 Gumption the Chopper (level 6, -11/56 HPs)
             Began as a Minotaur Berserker on Nov 2, 2023.
             Was a Believer of Trog.
             Mangled by a kobold
             ... wielding a +1 short sword of electrocution
              (17 damage)
             ... on level 4 of the Dungeon.
             The game lasted 00:15:44 (3506 turns).

Gumption the Chopper (Minotaur Berserker)           Turns: 3506, Time: 00:15:45

Health: -11/56     AC: 14    Str: 24    XL:     6   Next: 11%
Magic:  5/5        EV:  9    Int:  4    God:    Trog [**....]
Gold:   146        SH:  0    Dex:  9    Spells: 5/5 levels left

rFire   . . .        a - +1 hand axe
rCold   . . .        (no shield)
rNeg    . . .        v - +0 chain mail
rPois   .            (helmet restricted)
rElec   .            (no cloak)
rCorr   .            w - +0 pair of gloves
SInv    .            (no boots)
Will    .....        (no amulet) Stlth
                     g - +4 ring of protection
HPRegen 0.29/turn    (no ring)
MPRegen 0.09/turn

%: no passive effects
@: no status effects
A: horns 2, retaliatory headbutt
a: Renounce Religion, Berserk, Trog's Hand


You were on level 4 of the Dungeon.
You worshipped Trog.
Trog was pleased with you.
You visited 1 branch of the dungeon, and saw 4 of its levels.

You collected 191 gold pieces.
You spent 45 gold pieces at shops.

Inventory:

Hand Weapons
 a - a +1 hand axe (weapon)
Missiles
 b - 5 poisoned darts
 c - 62 stones (quivered)
Armour
 v - a +0 chain mail (worn)
 w - a +0 pair of gloves (worn)
Jewellery
 g - a +4 ring of protection (left hand)
Wands
 i - a wand of light (8)
 j - a wand of digging (5)
Scrolls
 d - a scroll of fear {unknown}
 h - a scroll of poison {unknown}
 k - a scroll of teleportation {unknown}
 m - a scroll of amnesia {unknown}
 o - a scroll of magic mapping {unknown}
 r - a scroll of fog
 s - a scroll of blinking {unknown}
 u - a scroll of enchant weapon
Potions
 e - 2 potions of might {unknown}
 f - a potion of lignification
 l - 4 potions of heal wounds
 n - 2 potions of invisibility
 p - a potion of experience {unknown}
 q - 2 potions of degeneration {unknown}
 t - a potion of ambrosia {unknown}


   Skills:
 + Level 5.1 Fighting
 * Level 6.4 Axes
 + Level 4.3 Armour
 - Level 2.1 Dodging


You had 5 spell levels left.
You didn't know any spells.
Your spell library was empty.

Dungeon Overview and Level Annotations

Branches:
Dungeon (4/15)
 Temple: D:4-7

Altars:
Xom
Yredelemnul

Shops:
D:4 [


Innate Abilities, Weirdness & Mutations

You have a pair of horns on your head.
You reflexively headbutt those who attack you in melee.


Message History

The hobgoblin closely misses you.
You barely miss the hobgoblin. You punch the hobgoblin.
You kill the hobgoblin!
Trog accepts your kill.
You see here a hobgoblin corpse.
You now have 146 gold pieces (gained 18).
You open the door.
Found a mace.
There is an open door here.
You open the door.
There is an open door here.
Found a ruby potion.
e - 2 ruby potions (gained 1)
You open the door.
There is an open door here.
A dart slug comes into view.
A kobold comes into view.
It is wielding a +1 short sword of electrocution.
The kobold shouts!
Found a stone staircase leading down.
The kobold hits you but does no damage.
You are electrocuted!
An iguana comes into view.
The dart slug barely misses you.
You hit the dart slug. You headbutt the dart slug!
You kill the dart slug!
Trog accepts your kill.
You barely miss the kobold. The kobold hits you but does no damage.
You are electrocuted!
You hit the kobold.
The kobold is moderately wounded.
The kobold hits you with a +1 short sword of electrocution.
You are electrocuted!
* * * LOW HITPOINT WARNING * * *
You closely miss the kobold. Your headbutt misses the kobold.
The kobold is moderately wounded.
The kobold barely misses you. You furiously retaliate!
You headbutt the kobold, but do no damage.
You hit the kobold but do no damage.
The kobold is moderately wounded.
The kobold hits you but does no damage.
You are electrocuted!
You die...

....#.............# #...........
....#.............# #...........
....#.....##......# #...........
....########......# ##....##'###'
...........#......#..#....#......
####.......#.........+....#......
#.......#.....##..#....#######
#.......#.....##..#....#
#.......#....@....#....#
#.......#.....K...#....#
#.......#.........#....#+####+
#.......#....l....#>..........
#.......#.........#...........
####'####.....##>.#...........
#......##.....# ..#......>....
#.............# ..#...........
##.....##... #.........##


You could see an iguana and a kobold.

Vanquished Creatures
  A centaur zombie (D:4)
  2 orc priests (D:4)
  A hound (D:4)
  A jelly (D:4)
  An iguana (D:4)
  A hound zombie (D:4)
  2 adders
  A worm (D:2)
  2 dart slugs (D:4)
  4 orcs (D:4)
  5 bats
  9 endoplasms
  A giant cockroach (D:1)
  7 goblins
  9 hobgoblins
  7 jackals
  7 kobolds
  A quokka (D:4)
  6 ball pythons
  3 frilled lizards
  5 rats
76 creatures vanquished.

Notes
Turn   | Place    | Note
-------+----------+-------------------------------------------
     0 | D:1      | Gumption the Minotaur Berserker began the quest for the
                  | Orb.
     0 | D:1      | Reached XP level 1. HP: 19/19 MP: 0/0
   132 | D:1      | Reached skill level 4 in Axes
   149 | D:1      | Reached XP level 2. HP: 27/27 MP: 1/1
   638 | D:1      | Reached XP level 3. HP: 33/33 MP: 2/2
   645 | D:1      | Reached ** piety under Trog
  1564 | D:2      | Reached skill level 5 in Axes
  1580 | D:2      | Reached XP level 4. HP: 40/40 MP: 3/3
  2921 | D:4      | Reached XP level 5. HP: 12/47 MP: 4/4
  3086 | D:4      | Found a basalt altar of Yredelemnul.
  3157 | D:4      | Reached skill level 6 in Axes
  3178 | D:4      | Reached skill level 5 in Fighting
  3302 | D:4      | Found a shimmering altar of Xom.
  3322 | D:4      | Reached XP level 6. HP: 56/56 MP: 5/5
  3346 | D:4      | Found Rus Poax's Armour Emporium.
  3369 | D:4      | Bought a +0 pair of gloves for 45 gold pieces
  3506 | D:4      | Mangled by a kobold

Illustrated notes

Levels and vault maps discovered:
D:1:      eino_arrival_druids_welcome, layout_loops_ring
D:2:      layout_basic
D:3:      layout_loops_corners, mrwooster_statue_mirror
D:4:      layout_gridville, palyth_temple_overflow_mages, lemuel_tele_altar,
          lemuel_zombie_altar_yredelemnul, serial_shops, nicolae_shop_crystal

Skill      XL: |  1  2  3  4  5 |
---------------+----------------+-----
Axes           | 4 5 6 |  6.4
Fighting       | 4 5 |  5.1
Armour         | 3 4 |  4.3
Dodging        | |  2.1

Action                     |  1- 3 |  4- 6 || total
---------------------------+-------+-------++-------
  Melee: Hand axe          |    92 |    75 ||   167
         Headbutt          |    10 |    12 ||    22
         Punch             |     1 |     2 ||     3
  Evoke: Wand              |     1 |       ||     1
    Use: Scroll            |       |     6 ||     6
 Armour: Animal skin       |     9 |       ||     9
         Ring mail         |    16 |       ||    16
         Scale mail        |     6 |     6 ||    12
         Chain mail        |       |    31 ||    31
  Dodge: Dodged            |    48 |    31 ||    79
